 Dungeon Crawl Stone Soup version 0.17.2 (webtiles) character file.

2570 Goblin1989 the Martial Artist (level 9, -1/65 HPs)
             Began as a Demonspawn Monk on May 27, 2016.
             Was an Elder of Makhleb.
             Slain by Grum
             ... wielding a +1 spear
              (4 damage)
             ... on level 8 of the Dungeon on May 28, 2016.
             The game lasted 00:22:28 (5573 turns).

Goblin1989 the Martial Artist (Demonspawn Monk)     Turns: 5573, Time: 00:22:28

Health: -1/65      AC:  9    Str: 14    XL:     9   Next: 32%
Magic:  0/12       EV:  8    Int: 15    God:    Makhleb [****..]
Gold:   514        SH:  8    Dex: 15    Spells: 0 memorised, 8 levels left

rFire  . . .     SeeInvis +       - Unarmed
rCold  . . .     Clarity  +     d - +0 ring mail
rNeg   + . .     SustAt   .     p - +0 shield
rPois  +         Gourm    .     (helmet restricted)
rElec  .         Spirit   +     k - +0 cloak
rCorr  .         Warding  .     (no gloves)
rMut   .         Stasis   .     (no boots)
MR     .....                    g - amulet of clarity {Clar, !d}
Stlth  +.........               G - ring of poison resistance {rPois, !d}
                                E - ring of positive energy {rN+}

@: very slightly contaminated, invisible, not resistant to hostile enchantments,
very unstealthy
A: claws 1, horns 1, molten scales 2, see invisible, clever 1, magic shield, rot
immunity
a: Minor Destruction, Lesser Servant of Makhleb, Major Destruction, Renounce
Religion


You were on level 8 of the Dungeon.
You worshipped Makhleb.
Makhleb was greatly pleased with you.
You were not hungry.

You visited 1 branch of the dungeon, and saw 8 of its levels.

You collected 514 gold pieces.

Inventory:

Hand Weapons
 s - a +0 broad axe of flaming
 v - a +0 blowgun
 w - the +2 hand axe of the Rattle-Snake {freeze, +Fly Str+5}
   (You found it on level 4 of the Dungeon)

   It has been specially enchanted to freeze those struck by it, causing extra
   injury to most foes and up to half again as much damage against particularly
   susceptible opponents.
   It can also slow down cold-blooded creatures.
   It affects your strength (+5).
   It lets you fly.
Missiles
 C - 40 poisoned needles
 D - 3 needles of sleeping
Armour
 d - a +0 ring mail (worn)
 k - a +0 cloak (worn)
 p - a +0 shield (worn)
 K - a +0 chain mail
Magical Staves
 q - an uncursed staff of air {rElec}
Jewellery
 g - an amulet of clarity (around neck) {Clar, !d}
 E - a ring of positive energy (left claw) {rN+}
 F - an uncursed amulet of the gourmand {unknown}
 G - a ring of poison resistance (right claw) {rPois, !d}
Wands
 x - a wand of magic darts (12)
Scrolls
 a - a scroll of amnesia {unknown}
 c - 4 scrolls of remove curse
 e - 7 scrolls of teleportation {unknown}
 h - 2 scrolls of magic mapping {unknown}
 r - 2 scrolls of immolation {unknown}
 u - a scroll of recharging {unknown}
 y - a scroll of noise {unknown}
 z - a scroll of fear {unknown}
 A - a scroll of enchant weapon {unknown}
Potions
 f - a potion of invisibility
 i - 3 potions of curing
 j - 3 potions of magic
 m - a potion of ambrosia
 n - a potion of might
 o - a potion of flight {unknown}
 t - 2 potions of cancellation
 B - a potion of resistance {unknown}
 H - a potion of lignification {unknown}
 I - a potion of agility {unknown}
Comestibles
 b - 2 bread rations
 l - 14 fruits
 J - 9 royal jellies


   Skills:
 * Level 4.2 Fighting
 * Level 3.4 Armour
 - Level 2.6 Dodging
 - Level 1.7 Stealth
 - Level 2.0 Shields
 + Level 10.5 Unarmed Combat
 - Level 4.0 Invocations


You had 8 spell levels left.
You didn't know any spells.

Dungeon Overview and Level Annotations

Branches:
Dungeon (8/15)             Temple (0/1) D:4
   Lair: D:8-11

Altars:
Cheibriados
Makhleb

Shops:
D:7 =

Annotations:
D:8 Grum


Innate Abilities, Weirdness & Mutations

You have sharp fingernails.
You are mostly covered in molten scales (AC +3, EV -1).
When hurt, damage is shared between your health and your magic reserves.
You are immune to rotting.
You have a pair of small horns on your head.
You have supernaturally acute eyesight.
Your mind is acute. (Int +2)


Message History

Makhleb accepts your kill.
You feel better.
Grum hits you from afar with an enchanted spear!
* * * LOW HITPOINT WARNING * * *
Grum hits you with an enchanted spear!
* * * LOW HITPOINT WARNING * * *
The phantom hits you.
* * * LOW HITPOINT WARNING * * *
Things that are here:
a hound corpse; a wolf corpse; a wolf corpse Drink which item? (? for menu, Esc to quit)
You fade into invisibility!
You block Grum's attack. The phantom hits you.
* * * LOW HITPOINT WARNING * * *
You are very lightly contaminated with residual magic.
You closely miss Grum. Your headbutt misses Grum. Grum misses you.
You scratch Grum. Your headbutt misses Grum. The phantom hits you.
* * * LOW HITPOINT WARNING * * *
The phantom blinks!
Grum hits you with an enchanted spear.
You die...

#..#######. #..# #. #..#
#. #..# #. #..# ## #..#
#######..# ######W.......#
### #.#####...g@#......##
##..###..>.....ยง###.#####
...#.#.#####.###.#.##
#.........#.# ##.##
#.##.#.###..# ### #$.##
##.# r...r..# #.# ..S..#$#
#.# ##.####. .##


You could see Grum and a phantom.

Vanquished Creatures
  A hungry ghost (D:8)
  Menkaure (D:6)
  2 wolves (D:8)
  A soldier ant (D:8)
  A wasp (D:8)
  An orc warrior (D:6)
  2 phantoms
  A sky beast (D:8)
  A giant frog (D:7)
  A big kobold (D:7)
  A brain worm (D:8)
  A water moccasin zombie (D:7)
  A water moccasin skeleton (D:4)
  4 wights (D:6)
  2 crimson imps (D:5)
  A centaur zombie (D:5)
  4 hounds
  A gnoll shaman (D:5)
  3 orc wizards
  A centaur skeleton (D:7)
  4 orc priests
  2 worker ants
  An iron imp (D:5)
  2 hound skeletons
  Robin (D:3)
  6 adders
  4 gnolls (D:5)
  A shadow imp (D:7)
  An ooze (D:2)
  An adder zombie (D:5)
  4 worms
  2 adder skeletons
  2 giant geckos
  21 orcs
  A ball python (D:5)
  7 giant cockroaches
  14 goblins
  12 hobgoblins
  9 kobolds
  2 quokkas
  9 bats
  A giant gecko zombie (D:6)
  2 giant newts
  A jackal zombie (D:6)
  A quokka skeleton (D:4)
  A quokka zombie (D:5)
  10 rats
153 creatures vanquished.

Vanquished Creatures (collateral kills)
  Pikel (D:4)
  2 orc wizards
  4 orcs
  2 quokkas (D:4)
  A giant cockroach zombie (D:4)
10 creatures vanquished.

Vanquished Creatures (others)
  A slave (D:4)
  An orc priest (D:4)
  A worker ant (D:4)
  2 adders (D:4)
  A butterfly (D:4)
6 creatures vanquished.

Grand Total: 169 creatures vanquished

Notes
Turn   | Place    | Note
--------------------------------------------------------------
     0 | D:1      | Goblin1989 the Demonspawn Monk began the quest for the Orb.
     0 | D:1      | Reached XP level 1. HP: 18/18 MP: 1/1
   293 | D:1      | Reached skill level 4 in Unarmed Combat
   333 | D:1      | Gained mutation: You have sharp fingernails. [demonic ancestry]
   333 | D:1      | Reached XP level 2. HP: 24/24 MP: 2/2
   672 | D:2      | Gained mutation: When hurt, damage is shared between your health and your magic reserves. [demonic ancestry]
   672 | D:2      | Reached XP level 3. HP: 26/29 MP: 3/3
  1001 | D:2      | Reached skill level 5 in Unarmed Combat
  1395 | D:3      | Gained mutation: You are immune to rotting. [demonic ancestry]
  1395 | D:3      | Reached XP level 4. HP: 35/35 MP: 4/4
  1486 | D:3      | Found a burning altar of Makhleb.
  1498 | D:3      | Became a worshipper of Makhleb the Destroyer
  1498 | D:3      | Reached * piety under Makhleb
  1498 | D:3      | Reached ** piety under Makhleb
  1728 | D:3      | You fall through a shaft for 3 floors!
  1797 | D:6      | Reached skill level 1 in Shields
  1797 | D:6      | Reached skill level 1 in Invocations
  1797 | D:6      | Gained mutation: You are partially covered in molten scales (AC +1). [demonic ancestry]
  1797 | D:6      | Reached XP level 5. HP: 12/41 MP: 3/5
  1826 | D:5      | Entered Level 5 of the Dungeon
  1889 | D:3      | Found a faded altar to an unknown god.
  2056 | D:3      | Reached XP level 6. HP: 47/47 MP: 7/7
  2093 | D:3      | Reached skill level 6 in Unarmed Combat
  2376 | D:4      | Noticed Robin
  2577 | D:3      | Reached *** piety under Makhleb
  2587 | D:3      | Killed Robin
  2643 | D:4      | Got an iridescent hand axe
  2644 | D:4      | Identified the cursed +2 hand axe of the Rattle-Snake {freeze, +Fly Str+5} (You found it on level 4 of the Dungeon)
  2735 | D:4      | Noticed a slave
  2737 | D:4      | Noticed Pikel
  2738 | D:4      | Noticed a slave
  2749 | D:4      | Gained mutation: You have supernaturally acute eyesight. [potion of mutation]
  2749 | D:4      | Gained mutation: You have a pair of small horns on your head. [potion of mutation]
  2749 | D:4      | Gained mutation: Your mind is acute. (Int +2) [potion of mutation]
  2760 | D:4      | Noticed a slave
  2761 | D:4      | Killed Pikel
  2761 | D:4      | Reached skill level 1 in Armour
  2761 | D:4      | Gained mutation: You are mostly covered in molten scales (AC +3, EV -1). [demonic ancestry]
  2761 | D:4      | Reached XP level 7. HP: 7/52 MP: 2/9
  2768 | D:4      | Noticed a freed slave
  2889 | D:4      | Killed a freed slave
  3068 | D:4      | Found a staircase to the Ecumenical Temple.
  3267 | D:5      | Reached skill level 7 in Unarmed Combat
  3666 | D:5      | Reached skill level 8 in Unarmed Combat
  3862 | D:5      | Found a snail-covered altar of Cheibriados.
  3866 | D:5      | Reached XP level 8. HP: 58/58 MP: 11/11
  3903 | D:6      | Reached **** piety under Makhleb
  3940 | D:6      | Noticed Menkaure
  4010 | D:6      | Noticed a phantom
  4051 | D:6      | Killed a phantom
  4350 | D:6      | Noticed an orc warrior
  4367 | D:6      | Killed an orc warrior
  4755 | D:6      | Killed Menkaure
  4755 | D:6      | Reached skill level 9 in Unarmed Combat
  5115 | D:7      | Got a shimmering spear
  5243 | D:7      | Found Atowef's Jewellery Boutique.
  5310 | D:7      | You fall through a shaft!
  5388 | D:8      | Reached skill level 10 in Unarmed Combat
  5413 | D:8      | Reached XP level 9. HP: 45/63 MP: 6/12
  5545 | D:8      | Noticed Grum
  5573 | D:8      | HP: 3/65 [phantom (3)]
  5573 | D:8      | Slain by Grum

Action                   |  1- 3 |  4- 6 |  7- 9 || total
-------------------------+-------+-------+-------++-------
Melee: Unarmed           |   112 |   196 |   326 ||   634
Invok: Lesser Servant of |       |     2 |     3 ||     5
Evoke: Wand              |       |       |     4 ||     4
  Use: Potion            |       |     2 |     1 ||     3
       Scroll            |       |     1 |     9 ||    10
 Stab: Sleeping          |       |     2 |     2 ||     4
       Distracted        |       |       |     1 ||     1
  Eat: Meat ration       |       |     1 |     1 ||     2
       Chunk             |       |     1 |     3 ||     4
       Bread ration      |       |       |     3 ||     3
